 Dungeon Crawl Stone Soup version 0.29-a0-834-g1e95ca9f62 (webtiles) character file.

Game seed: 1517972095251926627

111 ravioli the Magician (level 5, -1/36 HPs)
             Began as a Djinni Earth Elementalist on July 12, 2022.
             Slain by an orc
             ... wielding a +0 club
              (3 damage)
             ... on level 3 of the Dungeon.
             The game lasted 00:07:56 (3591 turns).

ravioli the Magician (Djinni Earth Elementalist)    Turns: 3591, Time: 00:07:56

Health: -1/36      AC:  2    Str:  7    XL:     5   Next: 15%
Gold:   142        EV: 12    Int: 18    God:
                   SH:  0    Dex: 14

rFire   + . .      SeeInvis .   (no weapon)
rCold   . . .      Faith    .   (no shield)
rNeg    . . .      Spirit   .   a - +0 robe
rPois   ∞          Reflect  .   (no helmet)
rElec   .          Harm     .   (no cloak)
rCorr   .          Rampage  .   (no gloves)
Will    .....                   (boots unavailable)
Stlth   ++........              (no amulet)
HPRegen 0.12/turn               b - ring of ice
MPRegen 0.00/turn               (no ring)

@: flying
A: sickness immunity, fire resistance 2, cold vulnerability 1, float, innate
caster, HP casting, extra vitality 1
a: no special abilities


You were on level 3 of the Dungeon.
You visited 1 branch of the dungeon, and saw 4 of its levels.

You collected 142 gold pieces.

Inventory:

Missiles
 e - 3 curare-tipped darts
Armour
 a - a +0 robe (worn)
Jewellery
 b - a ring of ice (left hand)
 r - a ring of see invisible
Wands
 q - a wand of digging (6)
Scrolls
 c - 5 scrolls of identify {unknown}
 d - a scroll of immolation {unknown}
 f - 2 scrolls of blinking {unknown}
 i - 2 scrolls of teleportation {unknown}
 k - 2 scrolls of poison {unknown}
 m - a scroll of brand weapon {unknown}
 n - a scroll of fear {unknown}
 o - a scroll of vulnerability {unknown}
Potions
 g - 3 potions of might {unknown}
 h - a potion of lignification {unknown}
 j - a potion of degeneration {unknown}
 l - a potion of heal wounds {unknown}
 p - a potion of curing {unknown}


   Skills:
 * Level 0.7 Fighting
 + Level 2.3 Dodging
 + Level 1.7 Stealth
 * Level 4.0 Spellcasting


You couldn't memorise any spells.
You knew the following spells:

 Your Spells              Type           Power      Damage    Failure   Level
a - Sandblast             Erth           36%        2d10      2%          1
b - Passwall              Tmut/Erth      15%        N/A       4%          2
c - Stone Arrow           Conj/Erth      36%        3d9       9%          3
d - Petrify               Tmut/Erth      18%        N/A       26%         4
e - Sting                 Tmut/Pois      72%        1d6       2%          1
f - Call Imp              Summ           18%        N/A       4%          2
Your spell library was empty.

Dungeon Overview and Level Annotations

Branches:
Dungeon (4/15)
 Temple: D:4-7

Altars:
Okawaru
Uskayaw


Innate Abilities, Weirdness & Mutations

You are immune to sickness and miasma.
You are immune to poison.
Your flesh is very heat resistant. (rF++)
You are vulnerable to cold. (rC-)
You float through the air rather than walking.
You learn spells naturally, not from books.
Your magical power is your life essence.
You have superior vitality. (+4 MHP)


Message History

There is a stone staircase leading down here.
You fly downwards.
The orc hits you but does no damage. The necrophage barely misses you.
There is a stone staircase leading up here.
The orc barely misses you. x2; The necrophage misses you.
You fly upwards.
There is a stone staircase leading down here.
Aiming: Sandblast (safe; 2% risk of failure)
Press: ? - help, Q - select action, (/) - cycle Shift-Dir - straight line, f - orc
Aim: an orc, wielding a +0 dagger and wearing a +0 scale mail (82% to hit)
The blast of sand hits the orc.
The orc is heavily wounded.
The necrophage hits you! The orc misses you. The necrophage hits you.
The orc hits you with a +0 club. The orc barely misses you.
Aiming: Sandblast (safe; 2% risk of failure)
Press: ? - help, Q - select action, (/) - cycle Shift-Dir - straight line, f/p - orc
Aim: an orc, wielding a +0 dagger and wearing a +0 scale mail (heavily wounded, 82% to hit)
The blast of sand misses the orc.
The orc hits you with a +0 dagger. The necrophage closely misses you.
The orc hits you with a +0 club. The necrophage completely misses you.
The orc hits you with a +0 club. The orc closely misses you.
Aiming: Sandblast (safe; 2% risk of failure)
Press: ? - help, Q - select action, (/) - cycle Shift-Dir - straight line, f/p - orc
Aim: an orc, wielding a +0 dagger and wearing a +0 scale mail (heavily wounded, 82% to hit)
The blast of sand hits the orc.
You kill the orc!
The necrophage closely misses you. The orc closely misses you.
The necrophage hits you but does no damage.
The orc hits you with a +0 club.
Aiming: Sandblast (safe; 2% risk of failure)
Press: ? - help, Q - select action, (/) - cycle Shift-Dir - straight line, f - necrophage
Aim: a necrophage (79% to hit)
The blast of sand hits the necrophage!
The necrophage is moderately damaged.
The necrophage hits you.
* * * LOW HITPOINT WARNING * * *
The orc closely misses you. The necrophage hits you.
* * * LOW HITPOINT WARNING * * *
The orc hits you with a +0 club.
You die...

.#..............####.#
#.# #.
...##########.)......#
#.# #. .#.#
##.######## ##.## #.
.#.# #...# #...# #.
.#.#### #...#
###...#### ......#
####...#### #.......#
..###.# #.........#
#.......# ..# #.#
#......).n# #.......##
#.# #.# #.......@o#
#.#...###. #.# #.#
####[..#### #.#...# #.
..# #.# #...# #.#####
#. ### #.# #...#
#.######## #.# ##.##
#......... #.# #.#
##########
#####.#######[#
..............#
..###.##############


You could see a necrophage and an orc.

Vanquished Creatures
  4 adders
  3 dart slugs
  2 orcs (D:3)
  2 ball pythons (D:1)
  3 bats
  7 endoplasms
  2 giant cockroaches (D:1)
  8 goblins
  2 hobgoblins
  3 jackals (D:1)
  9 kobolds
  3 quokkas
  5 frilled lizards
  6 rats
59 creatures vanquished.

Notes
Turn   | Place    | Note
-------+----------+-------------------------------------------
     0 | D:1      | ravioli the Djinni Earth Elementalist began the quest for
                  | the Orb.
     0 | D:1      | ravioli set off with the following spells memorised:
                  | Sandblast, Passwall, Stone Arrow, Petrify.
     0 | D:1      | Reached XP level 1. HP: 15/15 MP: 0/0
   130 | D:1      | Reached XP level 2. HP: 12/21 MP: 0/0
   544 | D:1      | Reached skill level 3 in Spellcasting
   579 | D:1      | Reached XP level 3. HP: 12/25 MP: 0/0
   579 | D:1      | Learned a level 1 spell: Sting
  1720 | D:2      | Found an iron altar of Okawaru.
  1850 | D:2      | Reached XP level 4. HP: 30/31 MP: 0/0
  2348 | D:2      | Found a faded altar of an unknown god.
  2506 | D:3      | Found a hide-covered altar of Uskayaw.
  3204 | D:3      | Reached skill level 4 in Spellcasting
  3204 | D:3      | Reached XP level 5. HP: 20/36 MP: 0/0
  3204 | D:3      | Learned a level 2 spell: Call Imp
  3591 | D:3      | Slain by an orc

Illustrated notes

Levels and vault maps discovered:
D:1:      lightli_arrival_statue_moat, layout_loops_ring
D:2:      layout_loops_ring, dilly_ecumenical_altar_fadedgnrine, basic_altar
D:3:      layout_loops_ring, marbit_many_paths, supply_closet_lemuel
D:4:      minmay_skewed_foursquare, layout_rooms, xom_teletrap_fun,
          minmay_temple_entry_tees, uniq_ijyb

Skill      XL: |  1  2  3  4 |
---------------+-------------+-----
Spellcasting   | 3 4 |  4.0
Fighting       | |  0.7
Dodging        | |  2.3
Stealth        | |  1.7

Action                   |  1- 3 |  4- 6 || total
-------------------------+-------+-------++-------
Melee: Unarmed           |     2 |       ||     2
 Cast: Sandblast         |    45 |    43 ||    88
Armor: Robe              |    10 |     6 ||    16
Dodge: Dodged            |    14 |    24 ||    38

Table legend: (Time is in decaauts)
 A = Elapsed time spent in this place.
 B = Non-inter-level travel time spent in this place.
 C = Inter-level travel time spent in this place.
 D = Time resting spent in this place.
 E = Time spent auto-exploring this place.
 F = Levels seen in this place.
 G = Mean time per level.
                   A        B        C        D        E       F      G
               +--------+--------+--------+--------+--------+-----+--------+
         Total |   3679 |   3638 |     41 |    444 |   2742 |   4 |  919.8 |
       Dungeon |   3679 |   3638 |     41 |    444 |   2742 |   4 |  919.8 |
               +--------+--------+--------+--------+--------+-----+--------+

Top non-repeatable levels by time:
     D:1: 1598 daAuts
     D:3: 1220 daAuts
     D:2: 855 daAuts
     D:4: 4 daAuts
